Map: 2000 Atmospheres LE

Players

Lambo

  • Race: Zerg Zerg

Hellraiser - Winner!

  • Race: Protoss Protoss

Event: DreamHack SC2 Masters 2021 Fall

VOD

Have the link to the VOD?

Description

Time

  • Played on: July 31, 2021, 11:34 a.m.
  • Length: 29:48

All games in this series

Show
View Real Time Build Order
Export as new Build Order

Lambo Zerg 

Build Orders: Pool First, Brood Lord Corruptor 

Get SALT Encoding   

  12  0:00  Drone  
  13  0:12  Overlord  
  13  0:18  Drone  
  14  0:30  Drone x2  
  14  0:34  Drone  
  17  0:43  Spawning Pool  
  17  0:48  Drone  
  17  1:07  Hatchery  
  17  1:10  Drone  
  17  1:15  Extractor  
  17  1:17  Drone  
  17  1:29  Queen  
  17  1:30  Zergling x2  
  20  1:33  Drone  
  21  1:40  Overlord  
  21  1:51  Drone  
  22  2:00  Drone  
  23  2:05  Queen  
  25  2:12  Drone  
  26  2:23  Drone  
  26  2:24  Drone  
  26  2:28  Hatchery  
  26  2:29  Metabolic Boost  
  27  2:34  Drone  
  27  2:36  Drone  
  29  2:40  Drone  
  29  2:42  Drone  
  31  2:47  Overlord  
  31  2:49  Drone  
  32  2:55  Queen  
  34  2:59  Zergling x2  
  34  3:02  Drone  
  36  3:06  Drone x2  
  36  3:11  Queen  
  40  3:13  Overlord  
  40  3:16  Drone  
  40  3:17  Drone  
  42  3:22  Drone  
  42  3:23  Drone  
  44  3:30  Roach Warren  
  44  3:31  Drone x2  
  45  3:37  Queen  
  45  3:38  Zergling x2  
  48  3:41  Zergling x2  
  48  3:42  Zergling x2  
  49  3:49  Zergling x4  
  49  3:52  Queen  
  49  3:53  Drone  
  49  3:54  Drone  
  55  3:57  Overlord  
  55  4:02  Overlord  
  55  4:05  Zergling x4  
  55  4:08  Spore Crawler  
  55  4:09  Overlord  
  56  4:14  Spore Crawler  
  55  4:17  Zergling x4  
  55  4:20  Zergling x4, Spore Crawler  
  55  4:22  Drone  
  59  4:27  Zergling x2  
  59  4:31  Overlord  
  60  4:34  Roach x2  
  60  4:36  Roach  
  65  4:40  Roach x2  
  65  4:43  Drone x2  
  71  4:47  Roach  
  74  4:52  Zergling x2  
  74  4:53  Zergling x6  
  74  4:55  Drone x2  
  74  4:58  Drone x2  
  81  5:06  Lair, Extractor  
  79  5:10  Drone x3  
  79  5:12  Drone x2  
  84  5:17  Drone x3  
  84  5:19  Drone x2  
  84  5:21  Drone  
  90  5:28  Extractor  
  90  5:30  Drone  
  90  5:35  Overlord  
  89  5:36  Overlord  
  89  5:38  Overlord  
  89  5:41  Overlord  
  89  5:42  Overlord  
  89  5:43  Overlord  
  89  5:45  Drone  
  89  5:47  Extractor, Drone  
  89  5:48  Drone, Evolution Chamber  
  90  5:54  Drone x5  
  90  5:55  Drone x2  
  97  5:57  Drone x2  
  97  6:02  Queen  
  101  6:06  Overseer  
  101  6:07  Drone x3  
  104  6:15  Glial Reconstitution  
  104  6:16  Extractor, Drone x4  
  104  6:17  Extractor  
  104  6:18  Drone  
  107  6:23  Overlord  
  107  6:25  Overlord  
  107  6:27  Queen  
  107  6:28  Queen  
  107  6:31  Zerg Missile Weapons Level 1  
  110  6:36  Overlord  
  109  6:46  Hatchery  
  108  6:47  Drone x2  
  108  6:49  Roach x3  
  108  6:50  Infestation Pit  
  108  6:51  Queen  
  108  6:53  Drone  
  118  6:54  Drone  
  118  7:00  Drone x2  
  118  7:01  Drone  
  122  7:06  Drone x7  
  129  7:13  Drone x5  
  134  7:18  Queen x2  
  138  7:25  Roach x3  
  143  7:31  Ravager  
  143  7:32  Drone x5  
  143  7:33  Queen  
  143  7:35  Extractor  
  150  7:37  Overlord  
  150  7:39  Extractor, Overseer  
  150  7:40  Overlord  
  150  7:42  Overlord  
  149  7:48  Drone x4  
  149  7:49  Drone x2  
  151  7:53  Spire  
  151  7:56  Drone  
  151  7:58  Hive  
  150  7:59  Evolution Chamber  
  150  8:02  Drone, Pathogen Glands  
  147  8:20  Hatchery  
  146  8:29  Queen x3  
  146  8:31  Drone x3  
  151  8:35  Zerg Missile Weapons Level 2  
  151  8:36  Zerg Ground Armor Level 1  
  137  8:53  Drone x8  
  140  8:55  Infestor x8  
  154  9:05  Queen x3  
  159  9:10  Drone x2, Zerg Flyer Armor Level 1  
  159  9:11  Drone x8  
  159  9:15  Burrow  
  169  9:20  Extractor, Overlord x2  
  169  9:21  Extractor  
  167  9:25  Ultralisk Cavern  
  167  9:27  Evolution Chamber  
  167  9:28  Infestor  
  167  9:30  Overseer  
  167  9:36  Zergling x10  
  172  9:41  Pneumatized Carapace  
  170  9:51  Hatchery  
  169  9:55  Zergling x18  
  169  9:56  Zergling x10  
  183  10:04  Infestor x3  
  189  10:13  Chitinous Plating  
  188  10:14  Overlord  
  185  10:23  Viper  
  185  10:24  Viper  
  185  10:27  Drone x3  
  185  10:28  Drone x3  
  186  10:29  Drone x3  
  186  10:33  Spore Crawler  
  186  10:34  Spore Crawler  
  175  10:36  Spore Crawler  
  175  10:37  Neural Parasite  
  175  10:40  Spore Crawler  
  175  10:42  Spore Crawler  
  168  10:53  Zergling x20, Queen x2  
  182  10:58  Zerg Ground Armor Level 2  
  182  10:59  Zerg Missile Weapons Level 3, Spire  
  182  11:01  Zerg Melee Weapons Level 1  
  182  11:02  Overlord  
  179  11:05  Overseer  
  179  11:07  Zergling x16  
  187  11:14  Overlord x2  
  187  11:15  Overlord  
  187  11:20  Drone x6  
  193  11:28  Spore Crawler  
  193  11:29  Greater Spire  
  193  11:30  Spore Crawler  
  193  11:31  Spore Crawler  
  190  11:33  Ravager x2  
  190  11:34  Spore Crawler  
  190  11:35  Roach  
  190  11:36  Roach x3  
  190  11:39  Overlord  
  199  11:43  Overlord  
  199  11:50  Adrenal Glands  
  194  11:59  Anabolic Synthesis  
  194  12:00  Ultralisk  
  196  12:07  Ultralisk  
  197  12:15  Spore Crawler  
  191  12:18  Spore Crawler, Corruptor x5  
  191  12:19  Spore Crawler  
  191  12:20  Spore Crawler  
  192  12:28  Overseer  
  185  12:32  Corruptor x3  
  185  12:36  Spore Crawler  
  190  12:37  Ultralisk  
  190  12:39  Spore Crawler  
  190  12:42  Spore Crawler  
  194  12:44  Overseer x2  
  192  12:59  Brood Lord x3  
  198  13:06  Spore Crawler  
  198  13:07  Zergling x6  
  198  13:08  Spore Crawler x2  
  198  13:09  Brood Lord x2  
  198  13:10  Brood Lord  
  192  13:14  Corruptor  
  192  13:15  Spore Crawler  
  192  13:16  Spore Crawler x2, Zergling x2  
  192  13:18  Spore Crawler  
  191  13:21  Spore Crawler  
  190  13:28  Drone x4  
  190  13:29  Spore Crawler  
  190  13:31  Spore Crawler  
  190  13:32  Zerg Flyer Armor Level 2  
  192  13:37  Drone x2  
  192  13:38  Drone x2  
  192  13:40  Drone  
  196  13:45  Overseer  
  196  13:48  Lair  
  177  14:09  Drone x13  
  174  14:25  Extractor x2  
  174  14:30  Hatchery  
  170  14:31  Infestor x4  
  178  14:50  Hive  
  178  14:58  Corruptor x4  
  186  15:00  Drone x3  
  186  15:02  Drone  
  190  15:15  Zerg Melee Weapons Level 2  
  190  15:17  Drone x7  
  197  15:24  Corruptor  
  198  15:42  Infestor x7  
  198  15:46  Corruptor  
  200  15:52  Overlord  
  200  15:58  Zerg Flyer Weapons Level 1  
  200  16:02  Extractor, Hatchery  
  198  16:04  Extractor, Corruptor  
  199  16:12  Zerg Flyer Armor Level 3  
  199  16:13  Zerg Ground Armor Level 3  
  199  16:34  Overseer  
  199  16:55  Spore Crawler  
  199  17:00  Spore Crawler, Hatchery  
  196  17:06  Overlord  
  196  17:10  Drone x3  
  195  18:05  Corruptor x4  
  187  18:33  Infestor x8  
  181  18:35  Zergling x58  
  181  18:40  Drone x19  
  193  18:41  Ultralisk Cavern  
  193  18:42  Zergling x4  
  193  18:46  Viper  
  197  18:54  Hatchery  
  195  18:58  Zerg Flyer Weapons Level 2, Zerg Melee Weapons Level 3  
  195  19:03  Zergling x8  
  192  19:22  Zergling x24  
  189  19:25  Drone x8  
  177  19:31  Infestor  
  177  19:32  Infestor x2  
  175  19:44  Viper x2  
  171  19:55  Ultralisk x2  
  176  20:02  Brood Lord x5  
  176  20:03  Corruptor x9, Brood Lord x3  
  194  20:07  Zergling x6  
  186  20:23  Ultralisk  
  186  20:24  Infestor x3  
  186  20:26  Hatchery  
  193  20:30  Hatchery  
  191  20:39  Infestor x4  
  199  20:43  Overseer  
  199  20:47  Extractor  
  198  20:53  Overseer x2  
  198  20:54  Overseer  
  198  21:07  Corruptor  
  200  21:32  Zerg Flyer Weapons Level 3, Spire  
  200  21:38  Overlord  
  199  21:41  Spore Crawler  
  199  21:42  Spine Crawler  
  199  21:43  Corruptor  
  199  21:53  Unknown  
  196  22:06  Spore Crawler x2  
  196  22:07  Spore Crawler, Corruptor x4  
  196  22:08  Spore Crawler  
  198  22:21  Corruptor  
  189  22:43  Corruptor x9  
  184  22:55  Corruptor  
  169  23:08  Zergling x8  
  169  23:09  Zergling x8  
  170  23:13  Infestor x4  
  170  23:17  Viper  
  170  23:18  Viper  
  165  23:23  Infestor x2  
  169  23:28  Viper  
  171  23:46  Zergling x2  
  171  23:47  Zergling x12  
  170  24:05  Hatchery  
  169  24:12  Brood Lord  
  171  24:30  Hatchery  
  171  24:42  Brood Lord  
  164  24:46  Zergling x18  
  169  24:58  Infestor  
  164  25:02  Infestor  
  165  25:14  Infestor  
  166  25:22  Brood Lord  
  166  25:56  Brood Lord  
  153  26:13  Brood Lord x2  
  153  26:30  Hatchery  
  149  27:04  Ultralisk  
  153  27:29  Infestor x2  
  155  27:45  Zergling x10  
  160  27:56  Queen x13  
  148  28:07  Zergling x4  
  148  28:08  Infestor x10  
  142  28:28  Zergling x14  
  142  28:29  Zergling x2  
  142  28:31  Drone x21  
  139  29:00  Infestor x10  
Show
View Real Time Build Order
Export as new Build Order

Hellraiser Protoss - Winner!

Build Orders: 1 Gate Expand, Carriers 

Get SALT Encoding   

  12  0:00  Probe  
  13  0:12  Probe  
  14  0:19  Pylon  
  14  0:24  Probe  
  15  0:37  Gateway, Probe (Chrono Boost)  
  16  0:48  Assimilator, Probe (Chrono Boost)  
  17  0:53  Probe (Chrono Boost)  
  18  1:03  Probe  
  19  1:19  Probe  
  20  1:26  Cybernetics Core  
  20  1:34  Nexus  
  20  1:42  Probe  
  20  1:44  Pylon  
  21  1:49  Assimilator  
  21  1:54  Probe  
  22  1:59  Adept (Chrono Boost)  
  22  2:03  Warp Gate  
  22  2:06  Probe (Chrono Boost)  
  25  2:18  Probe (Chrono Boost)  
  25  2:22  Stalker  
  28  2:24  Probe (Chrono Boost)  
  29  2:31  Twilight Council  
  29  2:35  Probe (Chrono Boost)  
  30  2:46  Probe (Chrono Boost)  
  32  2:52  Adept  
  32  2:53  Probe (Chrono Boost)  
  32  2:55  Probe (Chrono Boost)  
  35  3:00  Probe (Chrono Boost)  
  35  3:04  Gateway  
  37  3:07  Gateway  
  37  3:09  Resonating Glaives (Chrono Boost)  
  36  3:15  Probe  
  36  3:16  Probe  
  38  3:22  Pylon  
  38  3:27  Probe  
  38  3:28  Probe  
  40  3:40  Probe (Chrono Boost)  
  42  3:41  Probe (Chrono Boost)  
  42  3:46  Pylon  
  42  3:53  Probe (Chrono Boost)  
  44  3:56  Adept, Probe (Chrono Boost)  
  44  3:58  Probe (Chrono Boost)  
  44  3:59  Adept  
  44  4:01  Adept  
  51  4:03  Probe  
  51  4:04  Assimilator  
  51  4:06  Assimilator  
  51  4:07  Probe  
  53  4:15  Probe  
  53  4:16  Pylon  
  54  4:19  Adept x2, Probe  
  54  4:24  Adept, Stargate  
  61  4:31  Stargate  
  61  4:32  Probe  
  61  4:34  Probe  
  63  4:45  Pylon, Probe  
  64  4:52  Nexus  
  64  5:00  Probe x2  
  64  5:02  Void Ray (Chrono Boost)  
  66  5:11  Shield Battery, Void Ray (Chrono Boost)  
  66  5:12  Sentry  
  72  5:18  Pylon, Probe  
  77  5:30  Void Ray (Chrono Boost), Probe  
  77  5:33  Pylon  
  77  5:34  Phoenix (Chrono Boost)  
  78  5:36  Probe  
  83  5:45  Shield Battery  
  83  5:47  Probe  
  83  5:48  Void Ray (Chrono Boost)  
  84  5:52  Pylon  
  84  5:56  Probe  
  89  5:57  Assimilator  
  89  5:59  Void Ray (Chrono Boost), Probe  
  89  6:01  Assimilator  
  90  6:09  Probe  
  96  6:11  Probe  
  96  6:15  Shield Battery  
  96  6:16  Shield Battery  
  96  6:18  Void Ray (Chrono Boost)  
  96  6:19  Pylon  
  96  6:24  Stargate  
  104  6:33  Void Ray (Chrono Boost)  
  104  6:36  Pylon  
  104  6:37  Pylon  
  104  6:40  Probe x3  
  107  6:48  Void Ray (Chrono Boost)  
  107  6:52  Probe x2  
  107  6:53  Probe  
  114  6:57  Protoss Air Weapons Level 1  
  114  6:59  Forge  
  114  7:04  Probe  
  114  7:06  Fleet Beacon, Void Ray  
  115  7:13  Void Ray  
  115  7:14  Probe x2  
  125  7:27  Void Ray  
  125  7:33  Protoss Ground Weapons Level 1  
  129  7:45  Probe  
  129  7:46  Nexus, Probe  
  129  7:49  Pylon  
  129  7:51  Flux Vanes  
  131  7:54  Gateway  
  131  7:55  Gateway  
  131  7:57  Templar Archives  
  127  7:59  Probe  
  127  8:02  Photon Cannon  
  128  8:06  Probe  
  128  8:07  Probe  
  128  8:10  Adept x3  
  136  8:17  Probe  
  137  8:26  Probe  
  144  8:28  Gateway, Carrier (Chrono Boost)  
  144  8:39  Probe  
  145  8:43  Probe  
  146  8:50  Pylon  
  146  8:58  Probe x2, Carrier (Chrono Boost)  
  146  8:59  Carrier (Chrono Boost)  
  146  9:00  Photon Cannon  
  154  9:06  Probe  
  149  9:13  Shield Battery  
  149  9:14  Probe x2  
  149  9:15  Photon Cannon  
  149  9:16  Assimilator  
  155  9:17  Assimilator, Carrier (Chrono Boost)  
  155  9:18  Pylon  
  155  9:26  Robotics Facility  
  155  9:33  Probe  
  155  9:37  Zealot x6  
  168  9:51  Protoss Ground Weapons Level 2 (Chrono Boost)  
  174  9:52  Pylon  
  174  9:53  Pylon  
  174  9:56  Carrier (Chrono Boost)  
  174  9:57  Pylon x2  
  174  10:09  Mothership (Chrono Boost)  
  174  10:12  Carrier (Chrono Boost)  
  182  10:15  Charge (Chrono Boost), Zealot  
  190  10:25  Cybernetics Core  
  190  10:26  Carrier (Chrono Boost)  
  190  10:27  Cybernetics Core  
  192  10:36  High Templar x2  
  192  10:37  Zealot x2  
  192  10:42  Gateway  
  200  10:44  Gateway  
  200  10:48  Archon  
  200  10:49  Gateway  
  200  10:52  Gateway  
  200  11:23  Protoss Air Armor Level 1 (Chrono Boost)  
  198  11:25  Forge  
  198  11:28  Protoss Air Weapons Level 2 (Chrono Boost), Pylon  
  198  11:31  Zealot  
  200  11:34  Photon Cannon  
  200  11:35  Photon Cannon  
  200  11:37  Shield Battery, Photon Cannon  
  200  11:38  Observer (Chrono Boost)  
  199  11:50  Nexus  
  199  11:51  Pylon, Observer (Chrono Boost)  
  199  11:53  Zealot x2  
  199  11:54  Zealot  
  200  11:55  Zealot  
  194  12:04  Zealot x5  
  198  12:13  Observer (Chrono Boost)  
  198  12:15  Protoss Shields Level 1  
  199  12:21  Protoss Ground Weapons Level 3 (Chrono Boost)  
  199  12:24  Photon Cannon  
  199  12:25  Photon Cannon  
  199  12:27  Photon Cannon  
  199  12:28  Photon Cannon  
  199  12:30  Photon Cannon  
  199  12:32  Photon Cannon  
  199  12:33  Shield Battery  
  199  12:35  Shield Battery  
  199  12:36  Pylon  
  199  12:40  Pylon  
  199  12:47  Observer  
  200  12:53  Robotics Facility  
  194  13:11  Zealot x4  
  200  13:14  Photon Cannon  
  200  13:15  Photon Cannon  
  200  13:17  Photon Cannon  
  194  13:33  Zealot x3  
  200  13:39  Protoss Air Armor Level 2 (Chrono Boost)  
  196  13:48  Protoss Air Weapons Level 3 (Chrono Boost)  
  192  13:53  Carrier (Chrono Boost)  
  188  14:10  Carrier x2 (Chrono Boost)  
  188  14:13  Stargate  
  188  14:15  Stargate  
  196  14:17  Stargate  
  196  14:19  Stargate  
  196  14:20  Mothership (Chrono Boost)  
  200  14:25  Assimilator  
  200  14:26  Protoss Shields Level 2 (Chrono Boost)  
  200  14:27  Assimilator  
  200  14:31  Pylon  
  200  14:36  Nexus, Photon Cannon x2  
  200  14:39  Pylon  
  200  14:41  Shield Battery  
  200  15:04  Pylon  
  200  15:05  Photon Cannon  
  200  15:07  Photon Cannon  
  200  15:08  Protoss Ground Armor Level 1 (Chrono Boost)  
  200  15:09  Photon Cannon  
  200  15:10  Photon Cannon  
  200  15:11  Photon Cannon  
  200  15:12  Photon Cannon  
  200  15:24  Blink  
  200  15:28  Assimilator  
  200  15:31  Assimilator  
  200  15:35  Photon Cannon  
  200  15:38  Observer (Chrono Boost), Photon Cannon  
  200  15:40  Photon Cannon  
  198  15:55  Observer (Chrono Boost)  
  198  15:56  Observer (Chrono Boost)  
  200  16:05  Gateway  
  200  16:06  Gateway x2  
  200  16:07  Gateway x2  
  200  16:08  Gateway  
  200  16:31  Protoss Air Armor Level 3 (Chrono Boost)  
  200  16:32  Protoss Shields Level 3 (Chrono Boost)  
  194  16:48  Void Ray  
  194  16:53  Observer  
  196  16:54  Observer  
  200  17:13  Gateway  
  200  17:14  Gateway  
  198  17:24  Nexus, Observer x2, Protoss Ground Armor Level 2 (Chrono Boost)  
  198  17:28  Pylon  
  198  17:29  Pylon  
  200  17:30  Robotics Bay  
  176  18:05  Void Ray  
  176  18:06  Void Ray x2  
  176  18:14  Stalker x3  
  176  18:15  Stalker x14  
  176  18:16  Stalker  
  168  18:33  Mothership (Chrono Boost)  
  142  18:41  Carrier (Chrono Boost)  
  142  18:42  Carrier x3 (Chrono Boost)  
  174  18:56  Zealot x8  
  174  18:57  Zealot x5  
  160  19:38  Stalker x11  
  168  19:39  Stalker x6  
  194  19:58  Void Ray x2 (Chrono Boost), Carrier x2 (Chrono Boost)  
  184  20:05  Void Ray (Chrono Boost)  
  188  20:15  Void Ray (Chrono Boost)  
  188  20:20  Carrier (Chrono Boost)  
  180  20:33  Carrier x2 (Chrono Boost)  
  186  20:36  Observer x2 (Chrono Boost)  
  186  20:39  High Templar x6  
  200  20:43  Protoss Ground Armor Level 3 (Chrono Boost)  
  200  20:44  Archon x3  
  200  21:00  Shield Battery, Photon Cannon  
  200  21:02  Photon Cannon  
  200  21:03  Pylon  
  200  21:06  Shield Battery, Photon Cannon  
  200  21:43  Photon Cannon  
  200  21:46  Shield Battery, Photon Cannon  
  200  21:49  Pylon  
  158  22:56  Stalker x9  
  158  22:57  Stalker x5  
  158  22:58  Void Ray x3 (Chrono Boost)  
  168  23:00  Void Ray x2 (Chrono Boost)  
  168  23:04  Void Ray (Chrono Boost)  
  168  23:05  Void Ray (Chrono Boost)  
  154  23:30  Void Ray (Chrono Boost)  
  154  23:33  Void Ray x2 (Chrono Boost)  
  148  23:35  High Templar  
  148  23:36  High Templar x13  
  176  23:41  Observer  
  176  23:42  Archon x2  
  176  23:43  Archon x4  
  170  23:52  Archon  
  170  23:56  Probe  
  170  24:01  Robotics Facility  
  169  24:06  Nexus  
  169  24:07  Probe  
  169  24:08  Probe  
  169  24:09  Probe  
  172  24:10  Probe  
  172  24:13  Assimilator x2, Probe  
  174  24:17  Pylon, Unknown  
  174  24:24  Zealot x2  
  174  24:25  Zealot x11  
  200  24:47  Pylon  
  200  24:56  Observer (Chrono Boost)  
  189  25:09  Observer (Chrono Boost)  
  190  25:18  Zealot x5  
  200  25:36  Photon Cannon  
  200  25:39  Photon Cannon  
  200  25:41  Shield Battery  
  200  25:42  Photon Cannon x2  
  200  25:43  Shield Battery, Photon Cannon  
  200  25:46  Photon Cannon  
  200  25:47  Pylon  
  182  26:26  Gateway  
  182  26:29  Gateway  
  180  26:32  Gateway  
  180  26:34  Zealot x11  
  180  26:37  Zealot  
  200  26:40  Gateway  
  200  26:42  Gateway  
  200  26:44  Gateway  
  200  26:48  Gateway  
  197  27:06  Nexus  
  193  27:09  Pylon x2  
  193  27:15  Assimilator x2  
  193  27:16  Pylon  
  193  27:17  Pylon  
  193  27:19  Pylon  
  181  27:24  Stalker x9  
  181  27:25  Stalker  
  181  27:28  Stalker  
  173  27:49  Stalker x9  
  173  27:50  Stalker x8  
  199  27:55  Shield Battery  
  197  28:00  Photon Cannon  
  197  28:03  Shield Battery  
  185  28:07  Photon Cannon  
  185  28:12  Zealot x11  
  189  28:20  Stalker x5  
  165  29:20  Stalker x12  
  165  29:21  Stalker x5  
  165  29:22  Observer (Chrono Boost)  

Tags
 
Add a new tag
Caveats
  • Supply blocks, unpowered buildings, or Contaminate may cause inaccurate times.
  • Supply counts are checked every 10 seconds.